 Dungeon Crawl Stone Soup version 0.31-a0-744-gbc345e7fcb (webtiles) character file.

Game seed: 11720185224914939161

2193 pokeman the Thaumaturge (level 9, -2/48 HPs)
             Began as a Deep Elf Hedge Wizard on Sept 14, 2023.
             Slain by an orc warrior
             ... wielding a +0 scimitar
              (12 damage)
             ... on level 7 of the Dungeon.
             The game lasted 00:12:18 (6895 turns).

pokeman the Thaumaturge (Deep Elf Hedge Wizard)     Turns: 6895, Time: 00:12:20

Health: -2/48      AC:  4    Str:  7    XL:     9   Next: 12%
Magic:  10/25      EV: 13    Int: 24    God:
Gold:   236        SH:  0    Dex: 14    Spells: 16/28 levels left

rFire   . . .        x - +5 rapier of Xamyesuc {heavy, rN+ SInv}
rCold   . . .        (no shield)
rNeg    + . .        i - +1 robe
rPois   .            n - +0 helmet
rElec   .            (no cloak)
rCorr   .            (no gloves)
SInv    +            (no boots)
Will    .....        y - amulet of the acrobat
Stlth   ++           (no ring)
HPRegen 0.28/turn    (no ring)
MPRegen 0.19/turn

%: acrobat
@: no status effects
A: no striking features
a: no special abilities


You were on level 7 of the Dungeon.
You visited 1 branch of the dungeon, and saw 7 of its levels.
You also visited: Sewer.

You collected 236 gold pieces.

Inventory:

Hand Weapons
 l - the +2 mace of Classification {protect, rCorr}
   (You took it off a kobold on level 2 of the Dungeon)

   rCorr:     It protects you from acid and corrosion.
 p - a +2 whip of electrocution
 x - the +5 rapier of Xamyesuc (weapon) {heavy, rN+ SInv}
   (You found it on level 4 of the Dungeon)

   rN+:       It protects you from negative energy.
   SInv:      It lets you see invisible.
Armour
 i - a +1 robe (worn)
 n - a +0 helmet (worn)
Jewellery
 y - an amulet of the acrobat (around neck)
Wands
 q - a wand of charming (9)
 A - a wand of iceblast (11)
Scrolls
 a - 5 scrolls of identify {unknown}
 b - a scroll of revelation {unknown}
 c - a scroll of torment {unknown}
 j - 2 scrolls of noise {unknown}
 k - 2 scrolls of enchant weapon {unknown}
 r - a scroll of vulnerability {unknown}
 s - 4 scrolls of teleportation {unknown}
 t - a scroll of amnesia {unknown}
 u - a scroll of silence {unknown}
Potions
 d - 2 potions of magic
 e - 2 potions of invisibility {unknown}
 f - a potion of lignification {unknown}
 g - a potion of heal wounds {unknown}
 h - 5 potions of haste {unknown}
 m - 3 potions of enlightenment {unknown}
 o - 2 potions of resistance {unknown}
 v - 2 potions of might {unknown}
 w - a potion of curing {unknown}
 z - a potion of ambrosia {unknown}


   Skills:
 + Level 2.2 Fighting
 - Level 3.0 Armour
 - Level 3.0 Dodging
 - Level 3.0 Stealth
 * Level 10.3 Spellcasting
 + Level 7.3 Conjurations
 - Level 1.1 Summonings
 - Level 1.1 Translocations
 + Level 3.0 Fire Magic
 - Level 1.0 Air Magic
 - Level 3.0 Poison Magic
 - Level 1.1 Evocations


You had 16 spell levels left.
You knew the following spells:

 Your Spells              Type           Power      Damage    Failure   Level
a - Magic Dart            Conj           100%       1d8       1%          1
b - Mephitic Cloud        Conj/Pois/Air  30%        N/A       3%          3
c - Call Imp              Summ           34%        N/A       4%          2
d - Blink                 Tloc           34%        N/A       4%          2
e - Flame Wave            Conj/Fire      37%        2d10      6%          4

Your spell library contained the following spells:

 Spells                   Type           Power      Damage    Failure   Level
 Scorch                   Fire           54%        2d7       2%          2
 Cigotuvi's Dreadful Rot  Necr/Pois/Air  36%        N/A       4%          2
 Slow                     Hex            48%        N/A       5%          1
 Gell's Gravitas          Tloc           17%        N/A       10%         3
 Teleport Other           Tloc           17%        N/A       10%         3
 Dispersal                Tloc           8%         N/A       99%         6
 Summon Cactus Giant      Summ           8%         N/A       99%         6


Dungeon Overview and Level Annotations

Branches:
Dungeon (7/15)              Sewer (visited)
 Temple: D:4-7

Altars:
Okawaru
Ru
Yredelemnul
Zin

Shops:
D:1 ?(?((   D:4 =

Annotations:
D:4 1 runed translucent door, elongatedgoose's ghost, amateur MfGl
D:5 2 runed translucent doors, blessed's ghost, novice HOGl


Message History

Aim: an orc, wielding a +0 flail and wearing a +0 leather armour (severely wounded, 100% to hit)
The magic dart hits the orc but does no damage.
The orc is severely wounded.
The orc warrior hits the orc with a +0 scimitar!
The orc is killed!
Unknown command.
The orc warrior seems less confused.
Casting: Magic Dart (safe; 1% risk of failure)
Confirm with . or Enter, or press ? or * to list all spells.
Aiming: Mephitic Cloud (dangerous; 3% risk of failure)
Press: ? - help, Shift-Dir - straight line, f - orc warrior
Aim: an orc warrior, wielding a +0 scimitar and wearing a +0 plate armour (chance to affect: 81%)
The ball explodes into a vile cloud!
The stinking cloud engulfs the orc warrior but does no damage.
The orc warrior is engulfed in noxious fumes.
The orc warrior appears confused.
Unknown command.
The orc warrior is engulfed in noxious fumes.
The orc warrior appears confused.
The orc warrior is engulfed in noxious fumes.
The orc warrior appears confused.
You puncture the orc warrior!
The orc warrior is moderately wounded.
The orc warrior barely misses you.
The orc warrior hits itself with a +0 scimitar.
You strike the helpless orc warrior from behind!
You hit the orc warrior.
The orc warrior is severely wounded.
The orc warrior hits you with a +0 scimitar! x2
* * * LOW HITPOINT WARNING * * *
Unknown command.
Casting: Mephitic Cloud (dangerous; 3% risk of failure)
Confirm with . or Enter, or press ? or * to list all spells.
Casting: Flame Wave (dangerous; 6% risk of failure)
Press: ? - help, Dir - look around, f - activate A wave of flame ripples out!
The flame wave engulfs the orc warrior.
The orc warrior is almost dead. (Press . to intensify the flame waves.)
The orc warrior hits you with a +0 scimitar!
You die...

#.....)..#
#....#...#
########...#.#..###
..........#._.#...
########...#.#..##
#....#...#
#........#
#.#..##..#
#.#@....##
#.#o.#### #.#..#
.......°##
.!.....)+ .......)#
...#....# .. .....#
. .PPP..#


You could see an orc warrior (confused).

Vanquished Creatures
  Pikel (D:5)
  Sigmund (D:2)
  An acid dragon (D:6)
  A sky beast (D:6)
  An ice beast (D:5)
  2 ogres
  A centaur (D:7)
  A kobold brigand (D:6)
  4 lemures (D:5)
  A phantom (D:6)
  2 bullfrogs (D:6)
  7 hounds
  2 jellies (Sewer)
  2 orc priests (D:5)
  2 sleepcaps
  Terence (D:2)
  3 iguanas
  An orc wizard (D:5)
  3 gnolls
  3 river rats (Sewer)
  9 adders
  2 white imps (D:6)
  2 worms
  6 dart slugs
  11 orcs
  6 ball pythons
  4 bats
  11 endoplasms
  10 giant cockroaches
  7 goblins
  3 hobgoblins
  2 quokkas (D:4)
  5 frilled lizards
  6 kobolds
  2 rats (D:3)
126 creatures vanquished.

Notes
Turn   | Place    | Note
-------+----------+-------------------------------------------
     0 | D:1      | pokeman the Deep Elf Hedge Wizard began the quest for the
                  | Orb.
     0 | D:1      | Reached XP level 1. HP: 10/10 MP: 7/7
   115 | D:1      | Found Imuugod's Magic Scroll Boutique.
   487 | D:1      | Reached XP level 2. HP: 5/16 MP: 1/9
   597 | D:1      | Found Qabuv's Antique Weapon Shoppe.
   606 | D:1      | Found Fuitupaf's Magic Scroll Boutique.
   737 | D:1      | Reached skill level 5 in Spellcasting
   811 | D:1      | Found Gielost's Antique Weapon Emporium.
  1029 | D:1      | Found Woh Siop's Antique Weapon Emporium.
  1067 | D:1      | Reached XP level 3. HP: 20/20 MP: 7/11
  1072 | D:1      | Learned a level 3 spell: Mephitic Cloud
  1075 | D:1      | Learned a level 2 spell: Call Imp
  1078 | D:1      | Learned a level 2 spell: Blink
  1549 | D:2      | Identified the +2 mace of Classification {protect, rCorr}
  1635 | D:2      | Noticed Terence
  1662 | D:2      | Killed Terence
  1663 | D:2      | Reached skill level 1 in Fighting
  1663 | D:2      | Reached skill level 1 in Armour
  1663 | D:2      | Reached XP level 4. HP: 23/25 MP: 5/13
  1739 | D:2      | Noticed Sigmund
  1754 | D:2      | Killed Sigmund
  1755 | D:2      | Reached skill level 5 in Conjurations
  1755 | D:2      | Reached XP level 5. HP: 4/29 MP: 5/15
  2565 | D:3      | Found a faded altar of an unknown god.
  2666 | D:3      | Reached XP level 6. HP: 34/34 MP: 11/16
  2796 | D:3      | You fall into a shaft and drop 2 floors!
  2796 | D:5      | Entered Level 5 of the Dungeon
  2839 | D:5      | Reached skill level 6 in Spellcasting
  3140 | D:5      | Reached skill level 1 in Air Magic
  3220 | D:5      | Noticed Pikel
  3261 | D:5      | Killed Pikel
  3262 | D:5      | Reached skill level 7 in Spellcasting
  3262 | D:5      | Reached XP level 7. HP: 25/40 MP: 7/20
  3583 | D:4      | Found a glowing drain.
  3605 | Sewer    | Entered a sewer
  3648 | Sewer    | Reached skill level 8 in Spellcasting
  3882 | Sewer    | Reached XP level 8. HP: 42/44 MP: 16/22
  4149 | Sewer    | Found a viscous altar of Jiyva.
  4216 | D:4      | Found a glowing silver altar of Zin.
  4692 | D:4      | Identified the +5 rapier of Xamyesuc {heavy, rN+ SInv}
  4881 | D:4      | Found a runed translucent door.
  4881 | D:4      | Noticed elongatedgoose's ghost (amateur MfGl)
  5122 | D:4      | Found Mieschud's Jewellery Boutique.
  5312 | D:5      | Reached skill level 1 in Evocations
  5413 | D:5      | Learned a level 4 spell: Flame Wave
  5459 | D:5      | Found a large runed translucent door.
  5459 | D:5      | Found a large runed translucent door.
  5544 | D:5      | Noticed blessed's ghost (novice HOGl)
  5908 | D:6      | Reached skill level 9 in Spellcasting
  5908 | D:6      | Reached skill level 1 in Fire Magic
  6151 | D:6      | Found a basalt altar of Yredelemnul.
  6387 | D:6      | Found a sacrificial altar of Ru.
  6463 | D:6      | Reached skill level 10 in Spellcasting
  6463 | D:6      | Reached XP level 9. HP: 48/48 MP: 17/25
  6766 | D:7      | Found an iron altar of Okawaru.
  6895 | D:7      | Slain by an orc warrior

Illustrated notes

Levels and vault maps discovered:
D:1:      pf_arrival_petrified_forest, layout_loops_corners, serial_shops, shop,
          shop, shop, shop, nicolae_lakefront_shop, nicolae_figureground_sparkle
D:2:      layout_loops_ring, nicolae_elevator_lobby_asterisk, uniq_terence,
          uniq_sigmund
D:3:      layout_basic, hellmonk_ecumenical_altar_slurped_away,
          kennysheep_doodads
D:4:      layout_cave_pods, mainiacjoe_overflow_paths, portal_sewer_entry_f,
          serial_shops, nicolae_shop_crystal, gammafunk_ghost_grave
D:5:      layout_loops_ring, ebering_ghost_disaster_area, uniq_pikel
D:6:      layout_gridville, lemuel_tele_altar, overflow_temple_1_default,
          minmay_circle_x
D:7:      layout_basic, fedhas_bush_and_centaur_altar,
          nicolae_ashenzari_skybound, okawaru_metal_pillars_3,
          minmay_temple_entry_drinking_statues

Skill      XL: |  1  2  3  4  5  6  7  8  9 |
---------------+----------------------------+-----
Spellcasting   | 5 7 8 10 | 10.3
Fighting       | 1 2 |  2.2
Armour         | 1 2 3 |  3.0
Conjurations   | 2 5 6 7 |  7.3
Stealth        | 3 |  3.0
Dodging        | 3 |  3.0
Air Magic      | 1 |  1.0
Poison Magic   | 2 3 |  3.0
Evocations     | 1 |  1.1
Fire Magic     | 2 3 |  3.0
Summonings     | |  1.1
Translocations | |  1.1

Action                     |  1- 3 |  4- 6 |  7- 9 || total
---------------------------+-------+-------+-------++-------
  Melee: Mace              |    12 |    69 |       ||    81
         Punch             |       |     1 |       ||     1
         Whip              |       |       |     6 ||     6
         Rapier            |       |       |    16 ||    16
   Cast: Magic Dart        |    55 |    68 |   186 ||   309
         Mephitic Cloud    |     2 |    11 |    12 ||    25
         Call Imp          |     1 |       |       ||     1
         Flame Wave        |       |       |     6 ||     6
   Stab: Confused          |     3 |    10 |     1 ||    14
         Sleeping          |       |       |     1 ||     1
 Armour: Robe              |     6 |    36 |    31 ||    73
  Dodge: Dodged            |    11 |    40 |    37 ||    88

Table legend: (Time is in decaauts)
 A = Elapsed time spent in this place.
 B = Non-inter-level travel time spent in this place.
 C = Inter-level travel time spent in this place.
 D = Time resting spent in this place.
 E = Time spent auto-exploring this place.
 F = Levels seen in this place.
 G = Mean time per level.
                   A        B        C        D        E       F      G
               +--------+--------+--------+--------+--------+-----+--------+
         Total |   6966 |   6705 |    261 |     26 |   5642 |   8 |  870.8 |
       Dungeon |   6341 |   6080 |    261 |     26 |   5131 |   7 |  905.9 |
         Sewer |    624 |    624 |      0 |      0 |    511 |   1 |  624.0 |
               +--------+--------+--------+--------+--------+-----+--------+

Top non-repeatable levels by time:
     D:5: 1235 daAuts
     D:1: 1233 daAuts
     D:2: 1067 daAuts
     D:4: 1003 daAuts
     D:6: 874 daAuts
     D:3: 773 daAuts
   Sewer: 624 daAuts
     D:7: 154 daAuts
